 Dungeon Crawl Stone Soup version 0.27.1-33-g824d729ab1 (webtiles) character file.

Game seed: 17890359694431101064

709 unlimited1921 the Firebug (level 7, -5/52 HPs)
             Began as a Demigod Fire Elementalist on Nov 29, 2021.
             Slain by an ogre (20 damage)
             ... while paralysed by Ijyb
             ... on level 4 of the Dungeon.
             The game lasted 00:23:36 (5496 turns).

unlimited1921 the Firebug (DgFE)                    Turns: 5496, Time: 00:23:37

Health: -5/52      AC:  5    Str:  9    XL:     7   Next: 17%
Magic:  13/16      EV:  2    Int: 25    God:
Gold:   176        SH:  0    Dex: 14    Spells: 10/14 levels left

rFire    . . .     SeeInvis .   m - +4 quarterstaff (chaos)
rCold    . . .     Faith    .   (shield currently unavailable)
rNeg     . . .     Spirit   .   a - +0 robe
rPois    .         Reflect  .   k - +0 helmet
rElec    .         Harm     .   o - +0 cloak
rCorr    .         Rampage  .   (no gloves)
Will     .....                  z - +0 pair of boots
Stlth    ++........             (no amulet)
HPRegen  0.17/turn              (no ring)
MPRegen  0.15/turn              (no ring)

@: paralysed
A: high mp 1, forlorn
a: no special abilities


You were on level 4 of the Dungeon.
You visited 1 branch of the dungeon, and saw 4 of its levels.

You collected 176 gold pieces.

Inventory:

Hand Weapons
 m - a +4 quarterstaff of chaos (weapon)
 n - a +1 short sword of draining
 p - a +0 mace
 q - a +0 trident
 v - a +0 rapier
Missiles
 e - 4 boomerangs of dispersal (quivered)
 g - 21 bolts
 t - 6 javelins
Armour
 a - a +0 robe (worn)
 b - a scarf of resistance
 k - a +0 helmet (worn)
 o - a +0 cloak (worn)
 s - a +0 scale mail
 z - a +0 pair of boots (worn)
Jewellery
 d - a ring of ice
Scrolls
 c - a scroll of immolation {unknown}
 f - 2 scrolls of holy word {unknown}
 j - 5 scrolls of teleportation {unknown}
 l - a scroll of blinking {unknown}
 u - a scroll of summoning {unknown}
 w - a scroll of noise {unknown}
 y - a scroll of amnesia {unknown}
Potions
 h - a potion of ambrosia {unknown}
 i - a potion of haste {unknown}
 r - a potion of brilliance {unknown}
 x - a potion of invisibility {unknown}


   Skills:
 * Level 1.6 Fighting
 + Level 0.1 Short Blades
 + Level 0.2 Staves
 + Level 2.2 Dodging
 + Level 2.6 Stealth
 * Level 4.2 Spellcasting
 - Level 3.1 Conjurations
 * Level 1.4 Hexes
 + Level 4.5 Fire Magic


You had 10 spell levels left.
You knew the following spells:

 Your Spells              Type           Power      Damage    Failure   Level
a - Foxfire               Conj/Fire      96%        2x1d8     1%          1
b - Inner Flame           Hex/Fire       20%        N/A       8%          3

Your spell library contained the following spells:

 Spells                   Type           Power      Damage    Failure   Level
 Conjure Flame            Conj/Fire      24%        6-21      5%          3
 Sticky Flame             Conj/Fire      24%        2d5       19%         4
 Gell's Gravitas          Tloc           2%         N/A       26%         3
 Teleport Other           Tloc           5%         N/A       26%         3
 Fireball                 Conj/Fire      12%        3d7       45%         5
 Dispersal                Tloc           2%         N/A       100%        6


Dungeon Overview and Level Annotations

Branches:
Dungeon (4/15)
 Temple: D:4-7

Annotations:
D:4 Ijyb


Innate Abilities, Weirdness & Mutations

Your attributes grow dramatically as you level up.
You have an increased reservoir of magic. (+10% MP)
You shall have no god before yourself.


Message History

Confirm with . or Enter, or press ? or * to list all spells.
You conjure some foxfire!
The foxfire hits Ijyb.
Ijyb is lightly wounded.
The foxfire hits Ijyb but does no damage.
Ijyb is lightly wounded.
Casting: Foxfire (safe; 1% risk of failure)
Confirm with . or Enter, or press ? or * to list all spells.
You conjure some foxfire!
The foxfire hits Ijyb.
Ijyb is heavily wounded.
An ogre comes into view. It is wielding a +0 giant club.
Your foxfire dissipates!
The foxfire hits Ijyb but does no damage.
Ijyb is heavily wounded.
The foxfire hits Ijyb.
Ijyb is heavily wounded.
Ijyb zaps a wand.
You easily resist.
Casting: Foxfire (safe; 1% risk of failure)
Confirm with . or Enter, or press ? or * to list all spells.
You conjure some foxfire!
The foxfire hits Ijyb.
Ijyb is heavily wounded.
The foxfire hits Ijyb but does no damage.
Ijyb is heavily wounded.
Casting: Foxfire (safe; 1% risk of failure)
Confirm with . or Enter, or press ? or * to list all spells.
You conjure some foxfire!
The foxfire hits Ijyb but does no damage.
Ijyb is heavily wounded.
The foxfire hits Ijyb.
Ijyb is almost dead.
Ijyb zaps a wand.
You suddenly lose the ability to move!
Ijyb zaps a wand.
You easily resist.
Ijyb zaps a wand.
You shrug off the repeated paralysis!
The ogre hits you with a +0 giant club!!
Ouch! That really hurt!
Ijyb hits you with a +0 club. x2
* * * LOW HITPOINT WARNING * * *
The ogre hits you with a +0 giant club!!
You die...

.† #. #.....# .# .# #.
#.###.# †# ..# #. ##.# #.##
.## .### .. #. #..# #..#
..####...##.##.###.## ##.#
.....#.#..#.##.#...# #.#
##.#.#[.#.#..#...### #.#
.....##......##.########...#
......###......÷@O.........#
.##..........##..g..###...!..
.##....###...>....###
...###..
....#.................##.#
###
......####...............#
..######...##........##..#
.## #....####.....(..#
[####.######....##.###
...##.###....#### .#


You could see an ogre and Ijyb.

Vanquished Creatures
  Eustachio (D:4)
  A sky beast (D:4)
  An ice beast (D:4)
  A black bear (D:4)
  A hound (D:4)
  Crazy Yiuf (D:2)
  Jessica (D:2)
  An iguana (D:3)
  9 adders
  4 gnolls (D:2)
  A white imp (D:3)
  A worm (D:4)
  2 dart slugs (D:1)
  3 orcs (D:3)
  6 endoplasms
  3 giant cockroaches
  4 hobgoblins
  2 kobolds (D:1)
  2 quokkas
  10 ball pythons
  5 bats
  7 frilled lizards
  5 goblins
  5 rats
77 creatures vanquished.

Vanquished Creatures (others)
  319 foxfires
319 creatures vanquished.

Grand Total: 396 creatures vanquished

Notes
Turn   | Place    | Note
-------+----------+-------------------------------------------
     0 | D:1      | unlimited1921 the Demigod Fire Elementalist began the quest
                  | for the Orb.
     0 | D:1      | Reached XP level 1. HP: 14/14 MP: 5/5
   537 | D:1      | Reached skill level 1 in Conjurations
   620 | D:1      | Reached XP level 2. HP: 20/20 MP: 1/7
  1942 | D:2      | Reached XP level 3. HP: 23/26 MP: 5/9
  2424 | D:2      | Noticed Jessica
  2434 | D:2      | Killed Jessica
  2435 | D:2      | Reached XP level 4. HP: 24/33 MP: 5/10
  3217 | D:2      | Found a runed translucent door.
  3218 | D:2      | Noticed Crazy Yiuf
  3228 | D:2      | Killed Crazy Yiuf
  3302 | D:3      | Reached XP level 5. HP: 39/39 MP: 5/12
  4173 | D:3      | Learned a level 3 spell: Inner Flame
  4379 | D:4      | Noticed Eustachio
  4392 | D:4      | Killed Eustachio
  4393 | D:4      | Reached XP level 6. HP: 46/46 MP: 3/14
  4667 | D:4      | Reached skill level 1 in Fighting
  4667 | D:4      | Reached skill level 1 in Hexes
  5156 | D:4      | Noticed Ijyb
  5226 | D:4      | Reached XP level 7. HP: 12/52 MP: 10/16
  5490 | D:4      | Paralysed by Ijyb for 7 turns
  5496 | D:4      | Slain by an ogre

Illustrated notes

Levels and vault maps discovered:
D:1:      sevenhm_arrival_forest_fort_small_3, layout_basic
D:2:      layout_loops_ring, shapermc_ecumenical_altar_pompeii,
          uniq_crazy_yiuf_cottage, uniq_jessica
D:3:      layout_rooms
D:4:      layout_rooms, minmay_bent, uniq_ijyb, uniq_eustachio

Skill      XL: |  1  2  3  4  5  6 |
---------------+-------------------+-----
Conjurations   | 1 2 3 |  3.1
Fire Magic     | 3 4 |  4.5
Stealth        | 2 |  2.6
Spellcasting   | 2 3 4 |  4.2
Dodging        | 2 |  2.2
Fighting       | 1 |  1.6
Hexes          | 1 |  1.4
Short Blades   | |  0.1
Staves         | |  0.2

Action                   |  1- 3 |  4- 6 |  7- 9 || total
-------------------------+-------+-------+-------++-------
Melee: Dagger            |    11 |     2 |       ||    13
       Short sword       |       |     6 |       ||     6
       Quarterstaff      |       |     8 |       ||     8
Throw: Throwing net      |     1 |     1 |       ||     2
       Boomerang         |       |     1 |       ||     1
 Cast: Foxfire           |    64 |   126 |    12 ||   202
Armor: Robe              |     7 |     8 |       ||    15
Dodge: Dodged            |    17 |    26 |     1 ||    44
